 Dungeon Crawl Stone Soup version 0.26-a0-660-gc07710193c (webtiles) character file.

Game seed: 1492705829650136147

3903 jiml777 the Magician (level 10, -1/77 HPs)
             Began as a Gnoll Warper on Oct 7, 2020.
             Was an Initiate of Gozag.
             Slain by a killer bee (6 damage)
             ... on level 7 of the Dungeon on Oct 8, 2020.
             The game lasted 00:38:19 (6609 turns).

jiml777 the Magician (Gnoll Warper)                 Turns: 6609, Time: 00:38:19

Health: -1/77      AC:  9    Str: 14    XL:     10   Next: 20%
Magic:  20/20      EV: 16    Int: 18    God:    Gozag
Gold:   887        SH:  0    Dex: 15    Spells: 18/23 levels left

rFire    + + .     SeeInvis .   p - +1 halberd (freeze)
rCold    + . .     Faith    .   (shield currently unavailable)
rNeg     . . .     Spirit   .   L - +2 robe {rC+ rF+}
rPois    .         Reflect  .   g - +0 helmet
rElec    .         Harm     .   (no cloak)
rCorr    +         Rampage  .   C - +1 pair of gloves
MR       .....                  v - +0 pair of boots
Stlth    +++.......             k - amulet of regeneration
HPRegen  0.62/turn              u - ring of resist corrosion
MPRegen  0.17/turn              r - ring of protection from fire

@: lethally poisoned (-1 -> -2), gold aura
A: distributed training, fangs 1, strong nose
a: Potion Petition, Call Merchant, Bribe Branch, Renounce Religion


You were on level 7 of the Dungeon.
You worshipped Gozag.
Gozag was pleased with you.
You visited 2 branches of the dungeon, and saw 8 of its levels.
You also visited: Ossuary.

You collected 948 gold pieces.
You paid 61 gold pieces to Gozag.

Inventory:

Hand Weapons
 a - a +0 spear
 p - a +1 halberd of freezing (weapon)
 M - a +1 rapier of draining
Missiles
 e - 5 boomerangs of dispersal
 h - 62 arrows
 i - 70 bolts
 o - 10 javelins
 q - 34 poisoned darts (quivered)
 y - 65 sling bullets
 z - 2 boomerangs
Armour
 b - a +0 leather armour
 g - a +0 helmet (worn)
 j - a +0 chain mail
 v - a +0 pair of boots (worn)
 w - a +0 ring mail
 C - a +1 pair of gloves (worn)
 L - a +2 robe of resistance (worn)
 N - a +3 leather armour of fire resistance
Magical Staves
 A - an uncursed staff of conjuration
Jewellery
 k - an amulet of regeneration (around neck)
 r - a ring of protection from fire (right hand)
 s - an uncursed amulet of guardian spirit
 u - a ring of resist corrosion (left hand)
 D - an uncursed ring of stealth
Wands
 P - a wand of iceblast (9)
Scrolls
 l - 3 scrolls of remove curse
 n - a scroll of magic mapping
 I - a scroll of enchant weapon
 K - 2 scrolls of teleportation
Potions
 c - a potion of invisibility {unknown}
 d - a potion of might
 f - 2 potions of stabbing
 m - a potion of resistance
 t - 2 potions of haste
 x - a potion of brilliance
 B - 6 potions of curing
 E - a potion of lignification
 F - a potion of magic
 H - a potion of mutation
 J - 2 potions of ambrosia


   Skills:
 + Level 6.9 Fighting
 + Level 5.0 Short Blades
 + Level 5.0 Long Blades
 + Level 5.0 Axes
 + Level 5.0 Maces & Flails
 + Level 6.9 Polearms
 + Level 5.0 Staves
 + Level 5.0 Slings
 + Level 5.0 Bows
 + Level 5.0 Crossbows
 + Level 5.7 Throwing
 + Level 5.7 Armour
 + Level 6.9 Dodging
 + Level 5.0 Stealth
 + Level 5.0 Shields
 + Level 5.0 Unarmed Combat
 + Level 7.2 Spellcasting
 + Level 4.1 Conjurations
 + Level 4.1 Hexes
 + Level 4.1 Summonings
 + Level 4.1 Necromancy
 + Level 7.0 Translocations
 + Level 4.1 Transmutations
 + Level 4.1 Fire Magic
 + Level 4.1 Ice Magic
 + Level 4.1 Air Magic
 + Level 4.1 Earth Magic
 + Level 4.1 Poison Magic
 + Level 5.5 Invocations
 + Level 5.0 Evocations


You had 18 spell levels left.
You knew the following spells:

 Your Spells              Type           Power        Failure   Level
a - Blink                 Tloc           N/A          1%          2
b - Teleport Other        Tloc           ####....     1%          3

Your spell library contained the following spells:

 Spells                   Type           Power        Failure   Level
 Foxfire                  Conj/Fire      ###.         1%          1
 Gell's Gravitas          Tloc           ####......   1%          3
 Lesser Beckoning         Tloc           ####......   1%          3
 Conjure Flame            Conj/Fire      ###.....     6%          3
 Inner Flame              Hex/Fire       ###.....     6%          3
 Passage of Golubria      Tloc           N/A          6%          4
 Sticky Flame             Conj/Fire      ###.....     19%         4
 Fireball                 Conj/Fire      ###.......   47%         5


Dungeon Overview and Level Annotations

Branches:
Dungeon (7/15)             Temple (1/1) D:5         Ossuary (visited)

Altars:
Cheibriados
Dithmenos
Elyvilon
Fedhas
Gozag
Hepliaklqana
Kikubaaqudgha
Makhleb
Nemelex Xobeh
Okawaru
Qazlal
Ru
Sif Muna
Trog
Uskayaw
Vehumet
Wu Jian
Xom
Yredelemnul
Zin
The Shining One

Shops:
D:5 *   D:6 }

Annotations:
D:5 2 transporters, nel's ghost, novice HuMo


Innate Abilities, Weirdness & Mutations

Your experience applies equally to all skills.
You have very sharp teeth.
Your uncanny sense of smell can sniff out nearby items.


Message History

* * * LOW HITPOINT WARNING * * *
The killer bee misses you.
You hit the killer bee. You freeze the killer bee.
You kill the killer bee!
You feel sick. The killer bee completely misses you.
Evoke which item? (* to show all) (? for menu, Esc to quit)
Aiming: Iceblast
Press: ? - help, Shift-Dir - straight line, f - killer bee
Aim: a killer bee That beam is likely to hit you.
Continue anyway?
The mass of ice explodes!
The iceblast engulfs the killer bee!!
You kill the killer bee!
Your Translocations skill increases to level 7!
The iceblast engulfs the killer bee!
The killer bee is almost dead.
The iceblast engulfs you! You partially resist.
* * * LOW HITPOINT WARNING * * *
The killer bee stings you.
You die...
Your body crumbles into a pile of gold.

### ###### .. #....# #.
#....# #.## #....#
######..#####....####
.....................
.########.#####....######
......[y@................
##########.##.........###
#.##.#..........
#..#.#.#####.### ##.#.#.#
#.# #...#.# #.# ##..#.#
#.# #..#.# #.# .######..#
#


You could see a killer bee.

Vanquished Creatures
  Pikel (D:7)
  The ghost of Midn8 the Ruffian, an amateur TrDe (D:3)
  Eustachio (D:6)
  Edmund (D:6)
  Menkaure (D:6)
  A water moccasin (D:7)
  Duvessa (D:6)
  A sky beast (D:6)
  3 ice beasts
  An orc warrior (D:6)
  2 phantoms (D:5)
  4 ogres
  2 bullfrogs (D:6)
  Dowan (D:6)
  An elf skeleton (D:6)
  3 scorpions
  4 killer bees (D:7)
  2 human zombies (D:6)
  A quasit (D:6)
  A centaur zombie (D:4)
  A bullfrog zombie (D:3)
  2 jellies (D:5)
  4 hounds
  An orc priest (D:6)
  3 bullfrog skeletons
  2 human skeletons (D:6)
  A centaur skeleton (D:4)
  An iguana (D:5)
  5 orc wizards
  6 worker ants
  A big kobold zombie (Ossuary)
  8 mummies (Ossuary)
  2 worker ant zombies
  4 gnolls (D:4)
  8 adders
  A white imp (D:5)
  An ooze (D:5)
  2 adder skeletons (D:4)
  A worm (D:2)
  3 dart slugs
  6 leopard geckos
  18 orcs
  5 giant cockroaches
  7 goblins
  3 hobgoblins (D:1)
  2 jackals (D:4)
  8 kobolds
  4 bats
  3 frilled lizards
  2 hobgoblin zombies (Ossuary)
  A jackal skeleton (D:7)
  2 kobold zombies (Ossuary)
  A leopard gecko skeleton (D:3)
  An orc skeleton (D:6)
  3 orc zombies (Ossuary)
  A quokka zombie (D:6)
  7 rats
164 creatures vanquished.

Notes
Turn   | Place    | Note
-------+----------+-------------------------------------------
     0 | D:1      | jiml777 the Gnoll Warper began the quest for the Orb.
     0 | D:1      | Reached XP level 1. HP: 20/20 MP: 6/6
    49 | D:1      | Reached XP level 2. HP: 23/26 MP: 7/7
   464 | D:1      | Reached XP level 3. HP: 25/31 MP: 9/9
   531 | D:1      | Reached skill level 5 in Spellcasting
  1100 | D:2      | Reached skill level 1 in Invocations
  1619 | D:3      | Reached skill level 1 in Short Blades
  1619 | D:3      | Reached skill level 1 in Long Blades
  1619 | D:3      | Reached skill level 1 in Axes
  1619 | D:3      | Reached skill level 1 in Maces & Flails
  1619 | D:3      | Reached skill level 1 in Staves
  1619 | D:3      | Reached skill level 1 in Slings
  1619 | D:3      | Reached skill level 1 in Bows
  1619 | D:3      | Reached skill level 1 in Crossbows
  1619 | D:3      | Reached skill level 1 in Stealth
  1619 | D:3      | Reached skill level 1 in Shields
  1619 | D:3      | Reached skill level 1 in Unarmed Combat
  1619 | D:3      | Reached skill level 1 in Evocations
  1624 | D:3      | Found a runed translucent gate.
  1629 | D:3      | Found a runed translucent gate.
  1630 | D:3      | Found a runed translucent gate.
  1630 | D:3      | Noticed Midn8's ghost (amateur TrDe)
  1797 | D:3      | Reached XP level 4. HP: 37/38 MP: 11/11
  2288 | D:4      | Reached skill level 1 in Conjurations
  2288 | D:4      | Reached skill level 1 in Hexes
  2288 | D:4      | Reached skill level 1 in Summonings
  2288 | D:4      | Reached skill level 1 in Necromancy
  2288 | D:4      | Reached skill level 1 in Transmutations
  2288 | D:4      | Reached skill level 1 in Fire Magic
  2288 | D:4      | Reached skill level 1 in Ice Magic
  2288 | D:4      | Reached skill level 1 in Air Magic
  2288 | D:4      | Reached skill level 1 in Earth Magic
  2288 | D:4      | Reached skill level 1 in Poison Magic
  2382 | D:4      | Noticed an ogre
  2393 | D:4      | Killed an ogre
  2393 | D:4      | Reached XP level 5. HP: 17/43 MP: 12/12
  2617 | D:4      | Reached XP level 6. HP: 19/50 MP: 13/13
  2704 | D:4      | Found a basalt altar of Yredelemnul.
  2763 | D:4      | Reached skill level 5 in Fighting
  2763 | D:4      | Reached skill level 5 in Polearms
  2763 | D:4      | Reached skill level 5 in Dodging
  2896 | D:4      | Reached XP level 7. HP: 29/56 MP: 15/15
  3395 | D:4      | Learned a level 2 spell: Blink
  3497 | D:5      | Entered Level 5 of the Dungeon
  3497 | D:5      | Found a transporter.
  3497 | D:5      | Found a transporter.
  3497 | D:5      | Noticed nel's ghost (novice HuMo)
  3523 | D:5      | Found Othrisekk's Assorted Antiques.
  3700 | D:5      | Reached XP level 8. HP: 63/63 MP: 16/16
  4139 | D:5      | Found a staircase to the Ecumenical Temple.
  4147 | Temple   | Entered the Ecumenical Temple
  4216 | Temple   | Became a worshipper of Gozag Ym Sagoz the Greedy
  4844 | D:3      | Killed Midn8's ghost
  5095 | D:6      | Noticed Duvessa
  5095 | D:6      | Noticed Dowan
  5096 | D:6      | Noticed Edmund
  5122 | D:6      | Killed Edmund
  5141 | D:6      | Reached XP level 9. HP: 33/69 MP: 18/18
  5149 | D:6      | Killed Duvessa
  5176 | D:6      | Killed Dowan
  5211 | D:6      | Found a sand-covered staircase.
  5229 | Ossuary  | Entered an ossuary
  5585 | D:6      | Reached skill level 5 in Throwing
  5585 | D:6      | Reached skill level 5 in Armour
  5740 | D:6      | Found Feiplya's Gadget Boutique.
  5766 | D:6      | Noticed Menkaure
  5772 | D:6      | Killed Menkaure
  5937 | D:6      | Noticed Eustachio
  5945 | D:6      | Killed Eustachio
  5963 | D:6      | Learned a level 3 spell: Teleport Other
  6002 | D:6      | Found a hide-covered altar of Uskayaw.
  6002 | D:6      | Found a burning altar of Makhleb.
  6010 | D:6      | Reached skill level 5 in Invocations
  6048 | D:6      | Found a radiant altar of Vehumet.
  6050 | D:6      | Found a blossoming altar of Fedhas.
  6052 | D:6      | Found a faded altar of an unknown god.
  6430 | D:7      | Noticed Pikel
  6458 | D:7      | Killed Pikel
  6458 | D:7      | Reached XP level 10. HP: 71/77 MP: 20/20
  6542 | D:7      | Reached skill level 5 in Short Blades
  6542 | D:7      | Reached skill level 5 in Long Blades
  6542 | D:7      | Reached skill level 5 in Axes
  6542 | D:7      | Reached skill level 5 in Maces & Flails
  6542 | D:7      | Reached skill level 5 in Staves
  6542 | D:7      | Reached skill level 5 in Slings
  6542 | D:7      | Reached skill level 5 in Bows
  6542 | D:7      | Reached skill level 5 in Crossbows
  6542 | D:7      | Reached skill level 5 in Stealth
  6542 | D:7      | Reached skill level 5 in Shields
  6542 | D:7      | Reached skill level 5 in Unarmed Combat
  6542 | D:7      | Reached skill level 5 in Evocations
  6609 | D:7      | Slain by a killer bee

Illustrated notes

Levels and vault maps discovered:
D:1:      co_arrival_random_square_maze, layout_loops_ring
D:2:      layout_basic
D:3:      layout_loops_ring, gammafunk_ghost_necromancy,
          chequers_serial_rivers_micro_a
D:4:      cheibrodos_helix_gallery, layout_gridville, yredelemnul_altar_generic
D:5:      minmay_evil_eye, layout_basic, minmay_temple_entry_glassed_door,
          gammafunk_ghost_hive, serial_shops, nicolae_shop_overgrown_old_shop
D:6:      layout_loops_ring, chequers_temple_overflow_minitemple, serial_shops,
          shop_statue, nicolae_ossuary_entry_catacombs, uniq_eustachio,
          uniq_duvessa, uniq_menkaure, uniq_edmund
D:7:      layout_basic, uniq_pikel
Temple:   eino_temple_scatter_basement

Skill      XL: |  1  2  3  4  5  6  7  8  9 10 |
---------------+-------------------------------+-----
Spellcasting   | 5 6 7 |  7.2
Invocations    | 1 2 3 4 5 |  5.5
Short Blades   | 1 2 3 4 5 |  5.0
Long Blades    | 1 2 3 4 5 |  5.0
Axes           | 1 2 3 4 5 |  5.0
Maces & Flails | 1 2 3 4 5 |  5.0
Staves         | 1 2 3 4 5 |  5.0
Slings         | 1 2 3 4 5 |  5.0
Bows           | 1 2 3 4 5 |  5.0
Crossbows      | 1 2 3 4 5 |  5.0
Stealth        | 1 2 3 4 5 |  5.0
Shields        | 1 2 3 4 5 |  5.0
Unarmed Combat | 1 2 3 4 5 |  5.0
Evocations     | 1 2 3 4 5 |  5.0
Conjurations   | 1 2 3 4 |  4.1
Hexes          | 1 2 3 4 |  4.1
Summonings     | 1 2 3 4 |  4.1
Necromancy     | 1 2 3 4 |  4.1
Transmutations | 1 2 3 4 |  4.1
Fire Magic     | 1 2 3 4 |  4.1
Ice Magic      | 1 2 3 4 |  4.1
Air Magic      | 1 2 3 4 |  4.1
Earth Magic    | 1 2 3 4 |  4.1
Poison Magic   | 1 2 3 4 |  4.1
Throwing       | 3 4 5 |  5.7
Armour         | 3 4 5 |  5.7
Fighting       | 5 6 |  6.9
Polearms       | 5 6 |  6.9
Dodging        | 5 6 |  6.9
Translocations | 6 7 |  7.0

Action                   |  1- 3 |  4- 6 |  7- 9 | 10-12 || total
-------------------------+-------+-------+-------+-------++-------
Melee: Spear             |   136 |   159 |    72 |       ||   367
       Bite              |    13 |    24 |    55 |     4 ||    96
       Punch             |       |     2 |       |       ||     2
       Halberd           |       |       |   405 |    46 ||   451
       Unarmed           |       |       |     4 |       ||     4
Throw: Dart              |     1 |     9 |    12 |       ||    22
Evoke: Wand              |       |       |     9 |     1 ||    10
  Use: Scroll            |     2 |    10 |    13 |       ||    25
       Potion            |       |       |       |     1 ||     1
 Stab: Sleeping          |     1 |       |     2 |     1 ||     4
       Distracted        |       |       |     3 |       ||     3
Armor: Leather armour    |    24 |       |    12 |       ||    36
       Chain mail        |       |    79 |   295 |       ||   374
       Ring mail         |       |    10 |       |       ||    10
       Skin              |       |       |     4 |       ||     4
       Robe              |       |       |       |    21 ||    21
Dodge: Dodged            |    83 |    81 |   260 |    78 ||   502

Table legend: (Time is in decaauts)
 A = Elapsed time spent in this place.
 B = Non-inter-level travel time spent in this place.
 C = Inter-level travel time spent in this place.
 D = Time resting spent in this place.
 E = Time spent auto-exploring this place.
 F = Levels seen in this place.
 G = Mean time per level.
                   A        B        C        D        E       F      G
               +--------+--------+--------+--------+--------+-----+--------+
         Total |   6642 |   6334 |    308 |    506 |   2992 |   9 |  738.0 |
       Dungeon |   6201 |   5901 |    300 |    463 |   2860 |   7 |  885.9 |
        Temple |    148 |    140 |      8 |      0 |    132 |   1 |  148.0 |
       Ossuary |    292 |    292 |      0 |     43 |      0 |   1 |  292.0 |
               +--------+--------+--------+--------+--------+-----+--------+

Top non-repeatable levels by time:
     D:4: 1232 daAuts
     D:5: 1065 daAuts
     D:6: 997 daAuts
     D:3: 967 daAuts
     D:1: 869 daAuts
     D:2: 798 daAuts
 Ossuary: 292 daAuts
     D:7: 272 daAuts
  Temple: 148 daAuts
